Map: Eternal Empire LE

Players

Maplez - Winner!

  • Race: Protoss Protoss
  • League: Grandmaster
  • Spawn Location: 7:00

Adnap

  • Race: Terran Terran
  • League: Grandmaster
  • Spawn Location: 1:00

VOD

Have the link to the VOD?

Description

Time

  • Played on: Dec. 14, 2019, 1:50 a.m.
  • Length: 12:18
Show
View Real Time Build Order
Export as new Build Order

Maplez Protoss - Winner!

Build Orders: 1 Gate Expand, Double Forge, Blink Stalkers 

Get SALT Encoding   

  12  0:00  Probe  
  13  0:13  Probe  
  14  0:17  Pylon  
  14  0:25  Probe (Chrono Boost)  
  15  0:37  Probe (Chrono Boost), Gateway  
  16  0:44  Probe (Chrono Boost)  
  16  0:48  Assimilator  
  17  0:51  Probe  
  18  1:03  Probe  
  19  1:15  Probe  
  20  1:24  Nexus  
  20  1:34  Cybernetics Core  
  20  1:38  Probe  
  21  1:43  Assimilator  
  21  1:51  Pylon  
  21  1:54  Probe  
  22  2:06  Probe  
  22  2:08  Adept (Chrono Boost)  
  25  2:18  Probe, Twilight Council, Warp Gate  
  25  2:28  Stalker (Chrono Boost)  
  25  2:33  Probe (Chrono Boost)  
  28  2:37  Probe (Chrono Boost)  
  30  2:46  Probe x2 (Chrono Boost)  
  31  2:54  Probe  
  31  2:55  Probe  
  33  2:58  Blink (Chrono Boost)  
  33  3:07  Probe (Chrono Boost)  
  33  3:10  Probe (Chrono Boost)  
  33  3:12  Robotics Facility  
  35  3:19  Probe (Chrono Boost)  
  37  3:22  Probe (Chrono Boost)  
  37  3:24  Probe (Chrono Boost)  
  38  3:31  Probe  
  38  3:33  Probe  
  40  3:41  Gateway  
  40  3:42  Gateway  
  40  3:43  Probe  
  40  3:45  Probe  
  42  3:53  Assimilator  
  42  3:55  Probe, Pylon  
  43  3:58  Probe  
  43  4:01  Observer  
  45  4:07  Probe  
  44  4:10  Probe  
  44  4:13  Nexus  
  44  4:14  Stalker  
  47  4:19  Probe  
  47  4:22  Probe, Pylon  
  49  4:25  Observer  
  50  4:35  Forge  
  50  4:37  Forge  
  50  4:44  Stalker  
  50  4:45  Stalker x2  
  56  4:47  Probe  
  56  4:49  Probe  
  56  4:50  Pylon  
  56  4:51  Observer  
  59  4:59  Probe  
  60  5:01  Probe  
  60  5:06  Pylon  
  61  5:11  Probe  
  61  5:12  Observer  
  62  5:15  Gateway  
  62  5:18  Gateway  
  62  5:21  Gateway  
  62  5:25  Gateway  
  62  5:26  Probe, Observer  
  61  5:28  Protoss Ground Weapons Level 1 (Chrono Boost), Protoss Ground Armor Level 1 (Chrono Boost)  
  61  5:33  Charge (Chrono Boost)  
  61  5:34  Probe  
  62  5:38  Gateway  
  62  5:39  Pylon  
  62  5:40  Probe  
  63  5:43  Probe  
  62  5:52  Stalker  
  62  5:53  Stalker x2  
  62  5:54  Probe  
  69  6:04  Probe x2  
  69  6:05  Warp Prism (Chrono Boost)  
  69  6:08  Pylon  
  69  6:09  Pylon  
  73  6:11  Probe  
  73  6:12  Assimilator  
  73  6:16  Probe x2  
  73  6:17  Sentry x3  
  73  6:18  Zealot  
  84  6:24  Zealot  
  84  6:25  Zealot  
  88  6:26  Zealot  
  88  6:31  Pylon  
  88  6:32  Pylon  
  90  6:45  Zealot x6  
  102  6:54  Zealot  
  102  6:58  Zealot  
  102  7:08  Zealot x4  
  82  7:09  Zealot x2  
  88  7:20  Stalker  
  88  7:21  Stalker  
  76  7:34  Zealot x6  
  79  7:47  Zealot x2  
  83  7:55  Zealot x6  
  95  7:59  Templar Archives  
  95  8:08  Zealot x2  
  99  8:16  Zealot x4  
  99  8:17  Protoss Ground Weapons Level 2 (Chrono Boost)  
  107  8:22  Observer  
  107  8:23  Zealot  
  107  8:24  Psionic Storm  
  107  8:29  Pylon  
  107  8:31  Pylon  
  99  8:41  High Templar x4  
  99  8:48  High Templar  
  99  8:49  High Templar  
  99  8:51  Sentry x2  
  99  8:53  Archon  
  107  9:06  Nexus  
  107  9:21  High Templar x2  
  111  9:24  Zealot x3  
  111  9:25  Zealot, Archon  
  111  9:28  Zealot  
  111  9:31  Zealot  
  113  9:57  Zealot x5  
  113  9:58  Zealot  
  123  10:10  Pylon  
  104  10:26  Assimilator  
  104  10:27  Assimilator  
  102  10:33  Stalker x2  
  102  10:34  Stalker x3  
  100  11:02  Zealot x4  
  108  11:07  Pylon x2  
  102  11:21  Observer  
  102  11:28  High Templar x5  
  102  11:29  High Templar x3  
  102  11:32  Archon x3  
  118  11:33  Archon  
  118  11:37  Pylon  
  118  11:39  Pylon  
  118  11:48  Nexus  
  118  11:50  Probe x2  
  118  12:02  Zealot x3  
  108  12:17  Archon  
Show
View Real Time Build Order
Export as new Build Order

Adnap Terran 

Build Orders: Gas First Reaper Expand 

Get SALT Encoding   

  12  0:02  SCV  
  14  0:14  SCV  
  14  0:19  Supply Depot  
  14  0:26  SCV  
  15  0:32  Refinery  
  15  0:40  SCV  
  16  0:45  Barracks  
  16  0:52  SCV  
  17  1:05  SCV  
  18  1:18  SCV  
  19  1:34  Reaper, Orbital Command  
  20  1:50  Command Center  
  20  2:03  SCV  
  20  2:05  Factory  
  21  2:12  Barracks Reactor  
  21  2:15  SCV  
  22  2:22  Supply Depot  
  22  2:27  SCV  
  23  2:31  Refinery  
  23  2:44  SCV  
  24  2:55  Marine x2  
  24  2:58  Factory Tech Lab, Starport  
  26  3:00  SCV  
  26  3:11  Orbital Command  
  26  3:13  Marine x2  
  26  3:14  SCV  
  26  3:19  Siege Tank  
  32  3:28  SCV  
  33  3:39  Starport Tech Lab  
  33  3:42  Marine x2  
  35  3:49  SCV x2  
  35  3:51  Siege Tank  
  39  4:01  SCV x2  
  40  4:05  Barracks  
  40  4:07  Barracks  
  40  4:11  Marine  
  40  4:12  Marine  
  40  4:13  SCV  
  40  4:16  SCV  
  44  4:23  Supply Depot  
  44  4:24  Engineering Bay, Refinery  
  44  4:25  SCV  
  44  4:28  SCV  
  46  4:36  Supply Depot  
  46  4:44  Raven, Marine x2  
  46  4:45  SCV x2  
  52  4:48  Factory Reactor  
  52  4:51  Supply Depot, Terran Infantry Weapons Level 1  
  52  5:02  SCV x2  
  52  5:06  Supply Depot  
  54  5:07  Stimpack, Marine x2  
  54  5:09  Marauder  
  58  5:14  SCV  
  58  5:15  SCV  
  60  5:26  SCV  
  58  5:29  Supply Depot  
  58  5:36  Widow Mine  
  58  5:37  Widow Mine  
  58  5:40  SCV  
  58  5:41  SCV, Combat Shield  
  58  5:42  Marauder  
  66  5:43  Starport Reactor  
  65  5:53  Marauder, Marine x2  
  65  5:55  SCV x2  
  71  5:57  Supply Depot  
  71  6:02  Widow Mine  
  71  6:03  Widow Mine  
  77  6:04  Marauder  
  77  6:11  Marine  
  77  6:17  Barracks, Marauder, Marine  
  77  6:18  Barracks  
  81  6:25  Refinery  
  81  6:26  Armory  
  81  6:28  Engineering Bay  
  81  6:29  Marauder, Marine  
  81  6:32  Widow Mine  
  86  6:35  Widow Mine  
  88  6:42  Marine  
  88  6:43  Marauder  
  88  6:47  Concussive Shells, Marine  
  88  6:53  Marine  
  90  6:57  Widow Mine x2  
  94  7:02  Marine  
  94  7:06  Marine  
  94  7:07  Marine  
  94  7:08  Marauder  
  94  7:11  Marine  
  94  7:14  Marine  
  93  7:20  Marine  
  81  7:23  Marine  
  81  7:29  Marauder  
  78  7:33  Marauder  
  78  7:36  Medivac x2  
  83  7:38  Marine  
  83  7:39  Barracks Tech Lab, Barracks Reactor  
  83  7:41  Marine  
  83  7:49  Terran Infantry Weapons Level 2  
  83  7:50  Marauder  
  85  7:54  Marauder  
  85  7:56  Supply Depot, Marine  
  87  7:58  Terran Infantry Armor Level 1  
  87  8:06  Medivac  
  87  8:10  Marauder, Marine  
  94  8:15  Marine  
  94  8:17  Marauder x2  
  91  8:25  Viking  
  91  8:26  Marine x2  
  80  8:27  Marine  
  80  8:32  Marauder  
  80  8:33  Marine  
  74  8:38  Marauder  
  74  8:39  Marauder  
  73  8:44  Marine  
  73  8:45  Marine  
  76  8:48  SCV  
  76  8:53  SCV  
  77  9:00  SCV  
  78  9:05  SCV  
  79  9:10  Marine  
  79  9:11  Marine  
  79  9:12  SCV  
  82  9:17  SCV  
  82  9:18  Marine  
  82  9:19  Marine  
  82  9:24  SCV, Marine  
  86  9:29  SCV  
  86  9:49  Marauder  
  86  9:50  Marauder x2  
  92  9:53  Marine x2  
  92  9:54  Marine  
  95  10:00  Marine  
  95  10:02  SCV x2  
  98  10:11  Marauder x2, Marine x3  
  98  10:20  Marine x2  
  89  10:29  Marauder, Marine x2  
  89  10:32  Marauder  
  87  10:37  Marine x3  
  80  10:47  Marine x2  
  82  10:50  Marauder  
  82  10:54  Marauder  
  82  10:55  Marine x2  
  88  11:00  Marine  
  87  11:04  Marine  
  88  11:12  Marauder  
  88  11:13  Marauder  
  81  11:20  Marauder, Marine x2  
  81  11:30  Marine  
  81  11:31  Marine  
  83  11:36  Supply Depot  
  85  11:41  Marine x2  
  85  11:44  Widow Mine x2  
  89  11:47  SCV  
  90  11:57  SCV  
  90  12:00  SCV  
Tags
 
Add a new tag
Caveats
  • Supply blocks, unpowered buildings, or Contaminate may cause inaccurate times.
  • Supply counts are checked every 10 seconds.